 Dungeon Crawl Stone Soup version 0.22-a0-429-g97ce8ef (webtiles) character file.

14 Gorglomux the Ducker (level 2, -6/16 HPs)
             Began as a Spriggan Berserker on May 25, 2018.
             Mangled by a polar bear (20 damage)
             ... created by the rage of Trog
             ... on level 1 of the Dungeon.
             The game lasted 00:01:13 (628 turns).

Gorglomux the Ducker (Spriggan Berserker)            Turns: 628, Time: 00:01:14

Health: -6/16      AC:  2    Str: 10 (13) XL:     2   Next: 31%
Magic:  3/3        EV: 19    Int:  5 (8)  God:
Gold:   25         SH:  0    Dex: 14 (15) Spells: 1/1 levels left

rFire    . . .     SeeInvis +   d - -2 spear (curse)
rCold    . . .     Gourm    .   (shield restricted)
rNeg     . . .     Faith    .   b - +0 animal skin
rPois    .         Spirit   .   (helmet restricted)
rElec    .         Reflect  .   (no cloak)
rCorr    .         Harm     .   (gloves unavailable)
MR       .....                  (boots unavailable)
Stlth    +.........             (no amulet)
HPRegen  0.05/turn              (no ring)
MPRegen  0.08/turn              (no ring)

@: confused, very quick
A: very small, unfitting armour, see invisible, herbivore, speed 3, slow
metabolism 2
a: no special abilities


You were on level 1 of the Dungeon.
You were not hungry.

You visited 1 branch of the dungeon, and saw 1 of its levels.

You collected 25 gold pieces.

Inventory:

Hand Weapons
 a - a +0 short sword
 d - a cursed -2 spear (weapon)
Armour
 b - a +0 animal skin (worn)
Scrolls
 g - a scroll of enchant armour {unknown}
 i - a scroll of identify {unknown}
Potions
 e - a potion of agility {unknown}
 f - a potion of magic {unknown}
 h - 2 potions of degeneration
Comestibles
 c - 4 rations


   Skills:
 - Level 2.4 Fighting
 - Level 3.2 Short Blades
 - Level 4.4 Dodging
 + Level 3.4 Stealth


You had one spell level left.
You didn't know any spells.
Your spell library was empty.

Dungeon Overview and Level Annotations

Branches:
Dungeon (1/15)

Altars:


Innate Abilities, Weirdness & Mutations

You are very small and have problems with some larger weapons.
You are too small for most types of armour.
You have supernaturally acute eyesight. (SInv)
You are a herbivore.
You cover ground extremely quickly.
You need to consume almost no food.


Message History

The rat is moderately wounded!
The rat bites you! The rat completely misses you!
You completely miss the rat!
The rat is moderately wounded!
The rat bites you but does no damage!
You spit the rat like a pig!
You annihilate the rat!!!
You see here a rat corpse!
No target in view!!!
No target in view!!!
Trog sends monsters to punish you! The divine experience confuses you!!!
You are confused!
A polar bear and 2 black bears come into view!
It was a potion of degeneration!
There was something very wrong with that liquid!
You feel weakened!
You feel dopey!
You feel clumsy!
The black bear rages!
The polar bear bites you!!!!!!
DANG rip

#..............##.#.(.(...#'#...
#######.##.....##.##......#'#...
#.(.##..#.....##.##.##..##⌠##..
#.>(..........##.##.##..+⌠<⌠+..
###.).##..#.....##.##.##..##⌠##..
#......#..#.>...##....###..#+#...
#......#............#####..#+#...
#......##......h..## #..##.##..
#).....##..#.#.h@.# #.##...##.
#......##..#...#h## #....8.(..
#.............#..# ###.##.#..
#......##..)..#.## #......#
#......##........### ##.#####
#########...#......#### #..##
#...##..##...†######..###
....###.#####......##.... ####(.
...# ######....###


You could see a polar bear (berserk) and 2 black bears.

Vanquished Creatures
  A dart slug (D:1)
  2 giant cockroaches (D:1)
  A ball python (D:1)
  A bat (D:1)
  A goblin (D:1)
  6 kobolds (D:1)
  2 rats (D:1)
14 creatures vanquished.

Notes
Turn   | Place    | Note
-------+----------+-------------------------------------------
     0 | D:1      | Gorglomux the Spriggan Berserker began the quest for the Orb.
     0 | D:1      | Reached XP level 1. HP: 11/11 MP: 2/2
    10 | D:1      | Fell from the grace of Trog
    32 | D:1      | Reached skill level 1 in Stealth
   133 | D:1      | Reached XP level 2. HP: 15/16 MP: 3/3
   157 | D:1      | Reached skill level 3 in Stealth
   627 | D:1      | Noticed a polar bear
   627 | D:1      | Noticed a black bear
   627 | D:1      | Noticed a black bear
   628 | D:1      | Mangled by a polar bear

Vault maps used:
D:1:      grunt_arrival_crossed_arrows

Skill      XL: |  1  2 |
---------------+-------+-----
Stealth        | 2 3 |  3.4
Fighting       | |  2.4
Short Blades   | |  3.2
Dodging        | |  4.4

Action                   || total
-------------------------++-------
Melee: Short sword       ||    28
       Spear             ||    49
Invok: Renounce Religion ||     1
  Use: Potion            ||     1
 Stab: Sleeping          ||     2
Armor: Animal skin       ||     3
Dodge: Dodged            ||    68

Table legend:
 A = Spawn XP
 B = Non-spawn XP
 C = Spawn XP percentage of total XP
 D = Spawn monster count
 E = Non-spawn monster count
 F = Spawn count percentage of total count
 G = Total turns spent on level
                    A         B        C        D         E        F      G
               +---------+---------+-------+---------+---------+-------+---------
         Total |       0 |      21 |   0.0 |       0 |      14 |   0.0 |   628
               +---------+---------+-------+---------+---------+-------+---------
           D:1 |       0 |      21 |   0.0 |       0 |      14 |   0.0 |   628
               +---------+---------+-------+---------+---------+-------+---------
